 Dungeon Crawl Stone Soup version 0.26-a0-1033-gd598b01645 (webtiles) character file.

Game seed: 11142581108512477234

58 ANON1729 the Insei (level 3, -2/28 HPs)
             Began as a Demigod Transmuter on Dec 10, 2020.
             Slain by an orc wizard
             ... wielding a +0 dagger
              (3 damage)
             ... on level 3 of the Dungeon.
             The game lasted 00:02:01 (2456 turns).

ANON1729 the Insei (Demigod Transmuter)             Turns: 2456, Time: 00:02:02

Health: -2/28      AC:  2    Str: 13    XL:     3   Next: 52%
Magic:  8/8        EV: 12    Int: 19    God:
Gold:   39         SH:  0    Dex: 16    Spells: 5/6 levels left

rFire    . . .     SeeInvis .     - Unarmed
rCold    . . .     Faith    .   (no shield)
rNeg     . . .     Spirit   .   a - +0 robe
rPois    .         Reflect  .   (no helmet)
rElec    .         Harm     .   (no cloak)
rCorr    .         Rampage  .   (no gloves)
Will     .....                  (no boots)
Stlth    +.........             (no amulet)
HPRegen  0.09/turn              (no ring)
MPRegen  0.11/turn              (no ring)

@: lightly drained
A: high mp 1
a: no special abilities


You were on level 3 of the Dungeon.
You visited 1 branch of the dungeon, and saw 3 of its levels.

You collected 39 gold pieces.

Inventory:

Armour
 a - a +0 robe (worn)
Jewellery
 e - an uncursed amulet of regeneration {unknown}
 i - a +6 ring of intelligence {unknown}
Scrolls
 b - 4 scrolls of remove curse {unknown}
 c - a scroll of identify {unknown}
 f - a scroll of magic mapping {unknown}
 h - a scroll of fear {unknown}
 j - a scroll of enchant armour {unknown}
Potions
 d - a potion of degeneration {unknown}
 g - 2 potions of cancellation {unknown}


   Skills:
 + Level 1.4(1.0) Fighting
 + Level 2.3(1.8) Dodging
 * Level 3.1(2.6) Unarmed Combat
 + Level 2.1(1.7) Spellcasting
 * Level 2.3(1.9) Transmutations


You had 5 spell levels left.
You knew the following spells:

 Your Spells              Type           Power        Failure   Level
a - Beastly Appendage     Tmut           #.....       8%          1

Your spell library contained the following spells:

 Spells                   Type           Power        Failure   Level
 Wereblood                Tmut           #.......     12%         2
 Spider Form              Tmut/Pois      #.........   34%         3
 Ice Form                 Ice/Tmut       #.......     75%         4
 Blade Hands              Tmut           #.........   91%         5


Dungeon Overview and Level Annotations

Branches:
Dungeon (3/15)


Innate Abilities, Weirdness & Mutations

You have an increased reservoir of magic. (+10% MP)


Message History

* * * LOW HITPOINT WARNING * * *
The orc wizard gestures wildly while chanting.
The orc wizard blinks!
The orc priest begins to cast a cantrip, but forgets the words!
The orc wizard hits you but does no damage.
The orc priest looks braver for a moment.
The orc wizard mumbles some strange words.
The orc wizard blinks!
Your horns disappear.
Your talons disappear.
The orc wizard gestures wildly while chanting.
The orc wizard blinks!
The orc wizard gestures wildly while chanting.
The orc wizard blinks!
The orc wizard hits you with a +0 dagger.
* * * LOW HITPOINT WARNING * * *
The orc wizard hits you with a +0 dagger.
* * * LOW HITPOINT WARNING * * *
The orc wizard barely misses you.
The orc wizard hits you with a +0 dagger.
You die...

#.#.##.####.##>.......
#.............########
###.........#†#####
#.........#.....#
#.........#.###.#
###......######.#
##.....'......###
#.....#####....#
#####@######.#.#
#...oo..o.o....#
#......§.##S####
#........##)#
#........##o#
###########o#


§oo So# ...' You could see an orc priest, 2 orc wizards, an adder and an orc.

Vanquished Creatures
  An ooze (D:2)
  A worm (D:2)
  A dart slug (D:2)
  3 leopard geckos
  2 orcs (D:3)
  2 giant cockroaches
  3 goblins
  6 hobgoblins
  7 jackals
  3 kobolds
  A quokka (D:2)
  A bat (D:2)
  3 frilled lizards
  8 rats
42 creatures vanquished.

Vanquished Creatures (others)
  4 plants (D:3)
4 creatures vanquished.

Grand Total: 46 creatures vanquished

Notes
Turn   | Place    | Note
-------+----------+-------------------------------------------
     0 | D:1      | ANON1729 the Demigod Transmuter began the quest for the
                  | Orb.
     0 | D:1      | Reached XP level 1. HP: 15/15 MP: 5/5
    72 | D:1      | Reached skill level 1 in Fighting
   535 | D:1      | Reached XP level 2. HP: 20/23 MP: 7/7
  1560 | D:2      | Reached skill level 3 in Unarmed Combat
  1560 | D:2      | Reached XP level 3. HP: 3/28 MP: 8/8
  2456 | D:3      | HP: 1/28 [orc wizard/+0 dagger (4)]
  2456 | D:3      | Slain by an orc wizard

Illustrated notes

Levels and vault maps discovered:
D:1:      dpeg_arrival_snail, layout_basic
D:2:      layout_loops_ring
D:3:      layout_basic, serial_bayou_crossing, uniq_jessica

Skill      XL: |  1  2 |
---------------+-------+-----
Fighting       | 1 |  1.4
Dodging        | 2 |  2.3
Transmutations | 2 |  2.3
Spellcasting   | 2 |  2.1
Unarmed Combat | 3 |  3.1

Action                   || total
-------------------------++-------
Melee: Unarmed           ||   142
       Kick              ||     6
       Headbutt          ||     3
       Punch             ||     1
 Cast: Beastly Appendage ||     3
 Stab: Sleeping          ||     5
Armor: Robe              ||    23
Dodge: Dodged            ||    89

Table legend: (Time is in decaauts)
 A = Elapsed time spent in this place.
 B = Non-inter-level travel time spent in this place.
 C = Inter-level travel time spent in this place.
 D = Time resting spent in this place.
 E = Time spent auto-exploring this place.
 F = Levels seen in this place.
 G = Mean time per level.
                   A        B        C        D        E       F      G
               +--------+--------+--------+--------+--------+-----+--------+
         Total |   2448 |   2425 |     23 |    414 |   1725 |   3 |  816.0 |
       Dungeon |   2448 |   2425 |     23 |    414 |   1725 |   3 |  816.0 |
               +--------+--------+--------+--------+--------+-----+--------+

Top non-repeatable levels by time:
     D:1: 1402 daAuts
     D:2: 922 daAuts
     D:3: 123 daAuts
